 Dungeon Crawl Stone Soup version 0.28.0-45-g0d030f2227 (webtiles) character file.

Game seed: 8020769460646760576

6225 urbino23 the Grappler (level 10, -4/96 HPs)
             Began as a Troll Monk on Apr 20, 2022.
             Was an Elder of Wu Jian.
             Slain by a ten-headed hydra (10 damage)
             ... on level 1 of the Lair of Beasts.
             The game lasted 00:36:51 (7979 turns).

urbino23 the Grappler (Troll Monk)                  Turns: 7979, Time: 00:36:51

Health: -4/96      AC:  6    Str: 25    XL:     10   Next: 61%
Magic:  9/9        EV: 11    Int:  6    God:    Wu Jian [****..]
Gold:   507        SH:  0    Dex: 12    Spells: 9/9 levels left

rFire   . . .      SeeInvis .     - Unarmed
rCold   . . .      Faith    .   (no shield)
rNeg    . . .      Spirit   .   a - +0 robe
rPois   .          Reflect  .   (helmet restricted)
rElec   .          Harm     .   i - +1 cloak
rCorr   .          Rampage  .   (gloves unavailable)
Will    .....                   (boots unavailable)
Stlth   ++........              (no amulet)
HPRegen 1.06/turn               (no ring)
MPRegen 0.11/turn               (no ring)

@: no status effects
A: large, unfitting armour, claws 3, regeneration 1, shaggy fur 1, tough skin 1
a: Renounce Religion, Wall Jump, Serpent's Lash


You were on level 1 of the Lair of Beasts.
You worshipped Wu Jian.
Wu Jian was greatly pleased with you.
You visited 3 branches of the dungeon, and saw 11 of its levels.
You also visited: Ossuary.

You collected 507 gold pieces.

Inventory:

Hand Weapons
 b - a +0 vorpal hunting sling
Missiles
 d - 3 large rocks (quivered)
 f - 351 stones
 u - 39 sling bullets
 H - a javelin
Armour
 a - a +0 robe (worn)
 i - a +1 cloak (worn)
 t - a scarf of shadows
Jewellery
 E - an amulet of the acrobat
Wands
 l - a wand of paralysis (9)
 s - a wand of mindburst (11)
Scrolls
 c - 3 scrolls of teleportation
 g - 4 scrolls of identify
 p - 7 scrolls of enchant armour
 v - 2 scrolls of fog {unknown}
 y - a scroll of noise {unknown}
 z - a scroll of enchant weapon {unknown}
 B - 2 scrolls of blinking {unknown}
 D - a scroll of torment {unknown}
 F - a scroll of magic mapping
 G - 2 scrolls of fear
 J - 2 scrolls of immolation {unknown}
 K - a scroll of vulnerability {unknown}
Potions
 e - 4 potions of curing
 h - a potion of mutation {unknown}
 j - 3 potions of cancellation {unknown}
 k - 5 potions of flight {unknown}
 m - 2 potions of brilliance {unknown}
 n - 4 potions of haste {unknown}
 o - a potion of might {unknown}
 q - 4 potions of degeneration {unknown}
 r - a potion of resistance {unknown}
 w - 2 potions of heal wounds {unknown}
 x - 2 potions of lignification {unknown}
 A - a potion of attraction {unknown}
 C - a potion of berserk rage {unknown}
 I - a potion of magic {unknown}
 L - a potion of invisibility {unknown}


   Skills:
 - Level 5.0 Fighting
 + Level 7.2 Throwing
 - Level 6.0 Dodging
 - Level 1.0 Stealth
 + Level 11.7 Unarmed Combat


You had 9 spell levels left.
You didn't know any spells.
Your spell library contained the following spells:

 Spells                   Type           Power      Damage    Failure   Level
 Animate Skeleton         Necr           0%         N/A       45%         1
 Apportation              Tloc           0%         N/A       45%         1
 Summon Small Mammal      Summ           0%         N/A       45%         1
 Static Discharge         Conj/Air       0%         N/A       58%         2
 Sublimation of Blood     Necr           0%         N/A       58%         2
 Wereblood                Tmut           0%         N/A       58%         2
 Animate Dead             Necr           0%         N/A       99%         4
 Dispel Undead            Necr           0%         3d6       99%         4
 Sticky Flame             Conj/Fire      0%         2d3       99%         4
 Haunt                    Necr/Summ      0%         N/A       100%        7
 Summon Hydra             Summ           0%         N/A       100%        7
 Infestation              Necr           0%         N/A       100%        8


Dungeon Overview and Level Annotations

Branches:
Dungeon (8/15)             Temple (1/1) D:4            Lair (2/6) D:8
Ossuary (visited)
  Swamp: Lair:2-4    Shoals: Lair:2-4     Snake: Lair:2-4    Spider: Lair:2-4

Altars:
Ashenzari
Cheibriados
Dithmenos
Elyvilon
Fedhas
Gozag
Hepliaklqana
Kikubaaqudgha
Makhleb
Nemelex Xobeh
Qazlal
Ru
Sif Muna
Trog
Uskayaw
Vehumet
Wu Jian
Xom
Yredelemnul
Zin
The Shining One

Annotations:
D:7 1 runed translucent door, Malificent's ghost, novice VSGl


Innate Abilities, Weirdness & Mutations

You are too large for most types of armour.
You have claws for hands.
Your natural rate of healing is unusually fast.
You are covered in fur. (AC +1)
You have tough skin. (AC +1)


Message History

The eight-headed hydra closely misses you.
The eight-headed hydra barely misses you.
The eight-headed hydra bites you! x5
* * * LOW HITPOINT WARNING * * *
Your muscles tense, ready for explosive movement...
Your supernatural speed expires.
Items here: ††††.
You feel less exhausted.
There is an open door, spattered with blood here.
There is a staircase back to the Dungeon here.
There is an open door here.
Okay, then.
Fire: 40 sling bullets
Press: ? - help, Q - select action, (/) - cycle Shift-Dir - straight line, f/p - eight-headed hydra
Aim: an eight-headed hydra (79% to hit)
You shoot a sling bullet.
The sling bullet completely misses the eight-headed hydra.
You are now empty-clawed.
Aiming: Wall Jump
Press: ? - help, Dir - move target, p - eight-headed hydra You repeatedly attack the eight-headed hydra from above.
You claw one of the eight-headed hydra's heads off!
The seven-headed hydra grows two more!
You mangle the nine-headed hydra!!
The nine-headed hydra is moderately wounded.
You tear one of the nine-headed hydra's heads off!
The eight-headed hydra grows two more!
You claw the ten-headed hydra! You claw the ten-headed hydra.
The ten-headed hydra is heavily wounded.
The ten-headed hydra closely misses you.
The ten-headed hydra bites you but does no damage.
The ten-headed hydra bites you! x2; The ten-headed hydra bites you.
The ten-headed hydra bites you! The ten-headed hydra bites you. x2
The ten-headed hydra misses you. The ten-headed hydra bites you!
* * * LOW HITPOINT WARNING * * *
The ten-headed hydra bites you!
* * * LOW HITPOINT WARNING * * *
The ten-headed hydra barely misses you. The ten-headed hydra bites you.
* * * LOW HITPOINT WARNING * * *
The ten-headed hydra bites you!
You die...

#......#P####....
##.+####### #....
##...# ##.## #...##
#..#
##+#.#############.#
#.............#.##'#
#.......(....'.#....
#.°°○........#.#....
#.D@°........#......
#.°°○.)......#......
#............#.#....
##............#.+....
#.............##.....
##.............##....
#...........>###....
##.P#'##.#######....
####...## #.###.


You could see a ten-headed hydra.

Vanquished Creatures
  A cane toad (Lair:1)
  A gargoyle (D:7)
  2 komodo dragons
  Sigmund (D:5)
  A basilisk (Lair:1)
  4 yaks (Lair:1)
  A wyvern (D:8)
  A steam dragon (D:7)
  Edmund (D:4)
  Duvessa (D:4)
  4 orc warriors
  4 water moccasins
  2 sky beasts
  An ice beast (D:6)
  A black bear (D:5)
  A necrophage (D:6)
  2 centaurs
  2 ogres
  A phantom (D:4)
  5 bullfrogs
  4 water moccasin zombies (Ossuary)
  2 scorpions
  A wyvern skeleton (D:7)
  Dowan (D:4)
  A water moccasin skeleton (D:5)
  3 wights (D:7)
  A howler monkey (D:6)
  A centaur zombie (D:5)
  5 hounds
  4 jellies
  5 orc priests
  A bullfrog skeleton (D:5)
  Natasha (thrice) (D:4)
  2 iguanas (D:6)
  8 orc wizards
  A killer bee zombie (D:7)
  2 mummies (Ossuary)
  A howler monkey zombie (D:7)
  7 gnolls
  8 adders
  A shadow imp (D:6)
  A white imp (D:7)
  An ufetubus (D:6)
  3 adder zombies (Ossuary)
  A worm (D:2)
  A dart slug (D:3)
  21 orcs
  12 endoplasms
  5 giant cockroaches
  3 goblins
  7 hobgoblins
  8 jackals
  8 quokkas
  4 ball pythons
  2 bats (D:2)
  6 frilled lizards
  5 gnoll zombies (Ossuary)
  6 hobgoblin zombies (Ossuary)
  5 kobolds
  2 kobold zombies (Ossuary)
  4 orc zombies (Ossuary)
  7 rats
211 creatures vanquished.

Vanquished Creatures (others)
  12 fungi
  A plant (Lair:1)
  3 toadstools (D:5)
16 creatures vanquished.

Grand Total: 227 creatures vanquished

Notes
Turn   | Place    | Note
-------+----------+-------------------------------------------
     0 | D:1      | urbino23 the Troll Monk began the quest for the Orb.
     0 | D:1      | Reached XP level 1. HP: 22/22 MP: 0/0
   245 | D:1      | Reached XP level 2. HP: 29/29 MP: 1/1
   565 | D:1      | Reached XP level 3. HP: 37/37 MP: 2/2
  1848 | D:3      | Found a sparkling altar of Nemelex Xobeh.
  1890 | D:3      | Reached skill level 4 in Unarmed Combat
  1944 | D:3      | Reached XP level 4. HP: 45/45 MP: 3/3
  2226 | D:3      | Found a faded altar of an unknown god.
  2864 | D:4      | Reached XP level 5. HP: 36/54 MP: 4/4
  2914 | D:4      | Noticed Natasha
  2923 | D:4      | Killed Natasha
  3072 | D:4      | Noticed Natasha
  3081 | D:4      | Killed Natasha
  3082 | D:4      | Reached skill level 5 in Unarmed Combat
  3122 | D:4      | Noticed Duvessa
  3141 | D:4      | Killed Duvessa
  3142 | D:4      | Reached XP level 6. HP: 27/63 MP: 5/5
  3190 | D:4      | Noticed Dowan
  3202 | D:4      | Killed Dowan
  3327 | D:4      | Noticed Natasha
  3335 | D:4      | Killed Natasha
  3590 | D:4      | Noticed Edmund
  3607 | D:4      | Killed Edmund
  3608 | D:4      | Reached skill level 5 in Fighting
  3608 | D:4      | Reached skill level 6 in Unarmed Combat
  3608 | D:4      | Reached XP level 7. HP: 47/72 MP: 6/6
  3704 | D:4      | Found a staircase to the Ecumenical Temple.
  3712 | Temple   | Entered the Ecumenical Temple
  4032 | Temple   | Became a worshipper of the Wu Jian Council
  4032 | Temple   | Reached * piety under Wu Jian
  4032 | Temple   | Reached ** piety under Wu Jian
  4228 | D:5      | Entered Level 5 of the Dungeon
  4351 | D:5      | Noticed Sigmund
  4386 | D:5      | Killed Sigmund
  4452 | D:5      | Reached XP level 8. HP: 72/80 MP: 7/7
  4536 | D:5      | Reached skill level 7 in Unarmed Combat
  4619 | D:5      | Found a burning altar of Makhleb.
  4725 | D:5      | Reached skill level 5 in Dodging
  5130 | D:6      | Found a sand-covered staircase.
  5134 | Ossuary  | Entered an ossuary
  5184 | Ossuary  | Reached skill level 8 in Unarmed Combat
  5213 | Ossuary  | Reached *** piety under Wu Jian
  5653 | D:6      | Reached skill level 1 in Throwing
  5653 | D:6      | Reached XP level 9. HP: 37/88 MP: 8/8
  5890 | D:6      | Reached skill level 9 in Unarmed Combat
  6190 | D:7      | Reached **** piety under Wu Jian
  6461 | D:7      | Reached skill level 10 in Unarmed Combat
  6548 | D:7      | Found a basalt altar of Yredelemnul.
  6622 | D:7      | Noticed a gargoyle
  6635 | D:7      | Killed a gargoyle
  6636 | D:7      | Reached skill level 5 in Throwing
  6665 | D:7      | Found a runed translucent door.
  6670 | D:7      | Noticed Malificent's ghost (novice VSGl)
  6792 | D:8      | Found a hazy altar of Hepliaklqana.
  6800 | D:8      | Found a blossoming altar of Fedhas.
  6801 | D:8      | Found a glowing silver altar of Zin.
  6801 | D:8      | Found an opulent altar of Gozag.
  6804 | D:8      | Found a sacrificial altar of Ru.
  6806 | D:8      | Found a bloodstained altar of Trog.
  6939 | D:8      | Reached XP level 10. HP: 52/96 MP: 9/9
  7357 | D:8      | Found a staircase to the Lair.
  7523 | Lair:1   | Entered Level 1 of the Lair of Beasts
  7523 | Lair:1   | Noticed a cane toad
  7533 | Lair:1   | Killed a cane toad
  7534 | Lair:1   | Reached skill level 11 in Unarmed Combat
  7650 | Lair:1   | Found a radiant altar of Vehumet.
  7795 | Lair:1   | You fall into a shaft and drop 1 floor!
  7891 | Lair:1   | Noticed an eight-headed hydra
  7979 | Lair:1   | Slain by a ten-headed hydra

Illustrated notes

Levels and vault maps discovered:
D:1:      dpeg_arrival_refuge, layout_basic, minmay_misc_feat_nine_boxes
D:2:      layout_basic, minmay_lizard_pond
D:3:      layout_basic, nemelex_xobeh_ov_fountains_minmay,
          shapermc_ecumenical_altar_pompeii, serial_aquarium,
          aquarium_bridge_square [aquarium_subvault_window,
          aquarium_subvault_window, aquarium_subvault_bridge,
          aquarium_subvault_wall], aquarium_window_fake, aquarium_window_corner,
          aquarium_window_fake, aquarium_view_2b
D:4:      layout_gridville, minmay_temple_entry_enclosed_plants, uniq_duvessa,
          uniq_edmund, uniq_natasha
D:5:      layout_basic, lemuel_round_altar, minmay_gold_behind_fungi,
          uniq_sigmund
D:6:      layout_gridville, enter_ossuary_5, grunt_ministairs_15
D:7:      layout_basic, nicolae_overflow_hidden_temple,
          ebering_ghost_reflecting_pool
D:8:      layout_rooms, minitemple, grunt_lair_entry_orc_guard_hut,
          kennysheep_minor_cross
Temple:   minmay_temple_forest_path
Lair:1:   layout_roguey, basic_altar, nicolae_lair_lindhole, lemuel_fruit_fields
Lair:2:   layout_hall_layers, lemuel_fruit_tree

Skill      XL: |  1  2  3  4  5  6  7  8  9 10 |
---------------+-------------------------------+-----
Fighting       | 3 4 5 |  5.0
Unarmed Combat | 4 5 6 8 10 11 | 11.7
Dodging        | 3 4 6 |  6.0
Throwing       | 1 5 7 |  7.2
Stealth        | |  1.0

Action                   |  1- 3 |  4- 6 |  7- 9 | 10-12 || total
-------------------------+-------+-------+-------+-------++-------
Melee: Unarmed           |   128 |   131 |   349 |    84 ||   692
       Punch             |     1 |     5 |    12 |     5 ||    23
 Fire: Hunting sling     |       |    29 |    24 |    12 ||    65
Throw: Stone             |     7 |     1 |       |       ||     8
       Javelin           |       |       |     7 |       ||     7
       Boomerang         |       |       |     2 |       ||     2
       Large rock        |       |       |     1 |     5 ||     6
Invok: Lunge             |       |       |    39 |     7 ||    46
       Whirlwind         |       |       |     8 |     8 ||    16
       Serpent's Lash    |       |       |       |     1 ||     1
 Abil: Wall Jump         |       |       |     3 |     4 ||     7
  Use: Scroll            |       |     4 |     2 |       ||     6
 Stab: Sleeping          |       |       |     7 |       ||     7
Armor: Robe              |    52 |    26 |    55 |    10 ||   143
Dodge: Dodged            |    55 |    49 |   106 |    36 ||   246
